AoeStats
← konrad374

Hideout

509116409Analyzed
1v1 RM · 6d ago on Sep 25, 2026· 19m 6s· 2 players
Game mode
Random Map
Map size
Tiny (2 player)
Population
200
Speed
Normal
Resources
Standard
Victory
Conquest
Starting age
Dark Age
Ending age
Imperial Age
RankedLock teamsTeams togetherTeam positionsShared explorationLock speedFull tech treeHidden civsTurbo modeCheats
Victory
Defeat
🇦🇷 Celts · Argentina
497
+15
🇵🇱 Chinese · Poland
471
-15
konrad374
0:57 Loom
13:46 Feudal Age
14:06 Horse Collar
14:15 Double-Bit Axe
15:07 Wheelbarrow
18:18 Man-at-Arms
19:26 Town Watch
adripelaaoe
11:06 Feudal Age
12:58 Double-Bit Axe
14:13 Man-at-Arms
15:05 Loom
16:22 Forging
16:44 Gold Mining
17:40 Scale Mail Armor
19:16 Wheelbarrow
18:27 Horse Collar
19:22 Arson
Connection lost

Rejoining the realm…

Still unreachable

The connection could not be restored.

Session expired

The server has moved on; the page needs a fresh start.